 Dungeon Crawl Stone Soup version 0.29.1-12-g30fa7ad0bf (webtiles) character file.

Game seed: 6491551757601851272

680 mopl the Tainter (level 7, 0/51 HPs)
             Began as a Formicid Venom Mage on Jan 16, 2023.
             Slain by a black bear (9 damage)
             ... on level 4 of the Dungeon.
             The game lasted 00:08:29 (4518 turns).

mopl the Tainter (Formicid Venom Mage)              Turns: 4518, Time: 00:08:29

Health: 0/51       AC:  2    Str: 15    XL:     7   Next: 92%
Magic:  1/11       EV: 13    Int: 14    God:
Gold:   258        SH:  5    Dex: 20    Spells: 7/12 levels left

rFire   . . .      SeeInvis +   d - +1 spear (vamp)
rCold   . . .      Faith    .   B - +0 buckler
rNeg    . . .      Spirit   .   a - +0 robe
rPois   .          Reflect  .   (helmet unavailable)
rElec   .          Harm     .   (no cloak)
rCorr   +          Rampage  .   (no gloves)
Will    .....                   (no boots)
Stlth   ++........              k - amulet of the acrobat
HPRegen 0.17/turn               s - +6 ring of dexterity
MPRegen 0.12/turn               m - ring of resist corrosion

@: no status effects
A: permanent stasis, dig shafts and tunnels, antennae 3, four strong arms
a: Dig, Shaft Self


You were on level 4 of the Dungeon.
You visited 1 branch of the dungeon, and saw 6 of its levels.

You collected 258 gold pieces.

Inventory:

Hand Weapons
 d - a +1 vampiric spear (weapon)
Missiles
 j - 3 poisoned darts
 w - 4 boomerangs
 z - 4 javelins
Armour
 a - a +0 robe (worn)
 c - a +1 ring mail of willpower
 B - a +0 buckler (worn)
Jewellery
 k - an amulet of the acrobat (around neck)
 m - a ring of resist corrosion (right hand)
 s - a +6 ring of dexterity (left hand)
 t - a ring of flight
 u - a ring of positive energy
Wands
 n - a wand of flame (17)
 o - a wand of light (7)
 v - a wand of iceblast (8)
Scrolls
 e - a scroll of silence {unknown}
 h - a scroll of blinking {unknown}
 i - a scroll of vulnerability {unknown}
 l - 3 scrolls of identify {unknown}
 p - 2 scrolls of poison {unknown}
 q - a scroll of enchant armour {unknown}
 r - a scroll of teleportation {unknown}
 x - a scroll of enchant weapon {unknown}
 y - a scroll of amnesia {unknown}
Potions
 b - a potion of magic
 f - a potion of cancellation
 g - 3 potions of might
 A - a potion of brilliance


   Skills:
 + Level 2.4 Fighting
 + Level 2.4 Armour
 + Level 2.9 Dodging
 - Level 2.4 Stealth
 + Level 1.3 Shields
 - Level 3.0 Spellcasting
 - Level 1.1 Transmutations
 + Level 8.5 Poison Magic
 + Level 2.4 Evocations


You had 7 spell levels left.
You knew the following spells:

 Your Spells              Type           Power      Damage    Failure   Level
a - Sting                 Tmut/Pois      60%        1d6       3%          1
o - Olgreb's Toxic Radia  Pois           26%        N/A       8%          4

Your spell library contained the following spells:

 Spells                   Type           Power      Damage    Failure   Level
 Poisonous Vapours        Pois/Air       28%        N/A       7%          2
 Spider Form              Tmut/Pois      15%        N/A       11%         3
 Mephitic Cloud           Conj/Pois/Air  10%        N/A       24%         3
 Shock                    Conj/Air       8%         1d3       26%         1
 Ensorcelled Hibernation  Hex/Ice        4%         N/A       36%         2
 Airstrike                Air            1%         2d(1-17)  95%         4
 Anguish                  Hex/Necr       1%         N/A       95%         4
 Swiftness                Air            Unusable   N/A       N/A         3

Dungeon Overview and Level Annotations

Branches:
Dungeon (6/15)
 Temple: D:4-7

Altars:
Gozag
Xom

Annotations:
D:4 2 transporters


Innate Abilities, Weirdness & Mutations

You cannot be hasted, slowed, berserked, paralysed or teleported.
You can dig through walls and to a lower floor.
You have a pair of large antennae on your head. (SInv)
Your four strong arms can wield two-handed weapons with a shield.


Message History

You block the black bear's attack. The black bear closely misses you.
The black bear claws you.
Unknown command.
You barely miss the black bear.
The black bear is moderately wounded.
Your toxic aura wanes.
The black bear barely misses you. The black bear claws you.
* * * LOW HITPOINT WARNING * * *
The black bear claws you.
* * * LOW HITPOINT WARNING * * *
You hit the black bear.
You feel better.
The black bear is heavily wounded.
You block the black bear's attack. The black bear completely misses you.
The black bear claws you.
* * * LOW HITPOINT WARNING * * *
The black bear attacks as you move away!
The black bear completely misses you. x3
Casting: Olgreb's Toxic Radiance (dangerous; 8% risk of failure)
Confirm with . or Enter, or press ? or * to list all spells.
Aiming: Sting (safe; 3% risk of failure)
Press: ? - help, Shift-Dir - straight line, f - black bear
Aim: a black bear (severely wounded, poisoned, 81% to hit)
The sting hits the black bear but does no damage.
The black bear looks even sicker.
The black bear is severely wounded.
The black bear goes berserk!
The black bear attacks as you move away!
The black bear closely misses you. x2; The black bear completely misses you.
The black bear misses you.
The black bear completely misses you. x2
The black bear attacks as you move away!
The black bear completely misses you. The black bear misses you.
The black bear completely misses you. The black bear misses you.
The black bear closely misses you. You block the black bear's attack.
You hit the black bear.
You feel better.
The black bear is almost dead.
The black bear bites you!
* * * LOW HITPOINT WARNING * * *
The black bear barely misses you. x2; The black bear bites you!
You die...

######### #.......# ####
#.......####..#
#.............##### .
#<......###....@h.# ...
#...........#.###.#######.....
###.#####.####.#
#[.....))).†.. #...# #..# #.#
#########..... ..### #.## #.#
..< ### .. #.# . # .## #.## #
.. #..##. ##.#########.....


You could see a black bear (berserk, poisoned).

Vanquished Creatures
  2 scorpions
  2 orc priests
  A hound (D:4)
  Terence (D:3)
  2 iguanas (D:4)
  5 orc wizards
  Robin (D:2)
  8 gnolls (D:3)
  5 adders
  An ufetubus (D:4)
  6 worms
  A dart slug (D:2)
  12 orcs
  12 ball pythons
  6 endoplasms
  5 giant cockroaches
  13 goblins
  8 hobgoblins
  A jackal (D:3)
  3 quokkas
  4 bats
  8 frilled lizards
  4 kobolds
  7 rats
118 creatures vanquished.

Notes
Turn   | Place    | Note
-------+----------+-------------------------------------------
     0 | D:1      | mopl the Formicid Venom Mage began the quest for the Orb.
     0 | D:1      | Reached XP level 1. HP: 13/13 MP: 3/3
   183 | D:1      | Reached XP level 2. HP: 19/19 MP: 3/5
   335 | D:1      | Found a faded altar of an unknown god.
   336 | D:1      | Noticed a floating eye
   343 | D:1      | Noticed a great orb of eyes
   383 | D:1      | Noticed a golden eye
   383 | D:1      | Noticed a floating eye
   863 | D:2      | Reached XP level 3. HP: 20/24 MP: 4/7
   935 | D:2      | Reached skill level 3 in Spellcasting
   935 | D:2      | Reached skill level 5 in Poison Magic
  1228 | D:2      | Reached XP level 4. HP: 28/30 MP: 0/8
  1240 | D:2      | Learned a level 4 spell: Olgreb's Toxic Radiance
  1287 | D:2      | Identified the +2 helmet of Mysticism {Str+3}
  1287 | D:2      | Noticed Robin
  1307 | D:2      | Killed Robin
  1311 | D:2      | Reached skill level 6 in Poison Magic
  1872 | D:3      | Reached XP level 5. HP: 26/35 MP: 4/9
  2026 | D:3      | Reached skill level 7 in Poison Magic
  2132 | D:3      | Noticed Terence
  2142 | D:3      | Killed Terence
  2329 | D:3      | Reached XP level 6. HP: 24/41 MP: 4/10
  2497 | D:3      | Reached skill level 2 in Dodging
  2635 | D:3      | You fall into a shaft and drop 3 floors!
  2740 | D:5      | Entered Level 5 of the Dungeon
  2837 | D:5      | Reached skill level 1 in Fighting
  2837 | D:5      | Reached skill level 1 in Armour
  2837 | D:5      | Reached skill level 8 in Poison Magic
  2837 | D:5      | Reached skill level 1 in Evocations
  2871 | D:5      | Reached XP level 7. HP: 48/48 MP: 4/11
  3229 | D:4      | Noticed a steam dragon
  3231 | D:4      | Found a transporter.
  3231 | D:4      | Noticed a hornet
  3237 | D:4      | Found a transporter.
  3244 | D:4      | Found an opulent altar of Gozag.
  3244 | D:4      | Found a shimmering altar of Xom.
  3406 | D:3      | Reached skill level 2 in Evocations
  3407 | D:3      | Reached skill level 2 in Fighting
  3407 | D:3      | Reached skill level 2 in Armour
  4119 | D:4      | HP: 3/75 [poisoned by a scorpion]
  4502 | D:4      | Reached skill level 1 in Shields
  4518 | D:4      | Slain by a black bear

Illustrated notes

Levels and vault maps discovered:
D:1:      minmay_arrival_jagged, layout_loops_corners,
          hellmonk_ecumenical_altar_watching_god, serial_bayou_pond_c
D:2:      layout_rooms, corner_web_ring, uniq_robin
D:3:      minmay_chambers_of_threes, layout_basic, serial_curves,
          eino_curves_02, eino_curves_04, minivault_24, reono_crystal_passage,
          minmay_misc_feat_room, uniq_terence
D:4:      layout_rooms, gammafunk_temple_overflow_arena, nicolae_wormholes
D:5:      layout_basic, minmay_temple_entry_glass, serial_co_window_serial,
          co_window_paths_b, co_window_paths_b, co_window_corner_a,
          co_window_paths_a, co_window_corner_a, co_window_paths_c,
          co_window_of_opportunity_b, co_window_broadway_b,
          co_window_unsneaky_path_e
D:6:      layout_rooms, old_standard_altar

Skill      XL: |  1  2  3  4  5  6  7 |
---------------+----------------------+-----
Spellcasting   | 3 |  3.0
Poison Magic   | 5 6 7 8 |  8.5
Dodging        | 2 |  2.9
Fighting       | 1 2 |  2.4
Armour         | 1 2 |  2.4
Evocations     | 1 2 |  2.4
Shields        | 1 |  1.3
Stealth        | |  2.4
Transmutations | |  1.1

Action                   |  1- 3 |  4- 6 |  7- 9 || total
-------------------------+-------+-------+-------++-------
Melee: Dagger            |    16 |    15 |       ||    31
       Punch             |     1 |       |     3 ||     4
       Spear             |       |    27 |    95 ||   122
 Cast: Sting             |    43 |    47 |    16 ||   106
       Olgreb's Toxic Ra |       |     5 |    12 ||    17
 Abil: Shaft Self        |       |     1 |       ||     1
  Use: Potion            |       |       |     5 ||     5
 Stab: Sleeping          |     1 |     1 |     1 ||     3
Armor: Robe              |    10 |     9 |     8 ||    27
Dodge: Dodged            |    39 |    31 |    80 ||   150
Block: Buckler           |       |       |     3 ||     3
